 Dungeon Crawl Stone Soup version 0.31-a0-319-g4fced400ed (webtiles) character file.

Game seed: 13217268546290791012

131 mopl the Changeling (level 5, 0/35 HPs)
             Began as an Octopode Shapeshifter on July 18, 2023.
             Slain by an ogre
             ... wielding a +0 giant spiked club
              (34 damage)
             ... on level 4 of the Dungeon.
             The game lasted 00:02:13 (2702 turns).

mopl the Changeling (Octopode Shapeshifter)         Turns: 2702, Time: 00:02:14

Health: 0/35       AC:  5    Str: 20    XL:     5   Next: 14%
Magic:  5/5        EV: 14    Int: 10    God:
Gold:   162        SH:  0    Dex: 15    Spells: 4/4 levels left

rFire   . .          .
                       - Unarmed
rCold   . . .        (no shield)
rNeg    . . .        l - melded +1 hat
rPois   .            (no amulet)
rElec   .            g - +4 ring of protection
rCorr   .            q - +6 ring of strength
SInv    .            (no ring)
Will    .....        (no ring)
Stlth   ++           (no ring)
HPRegen 0.25/turn    (no ring)
MPRegen 0.09/turn    (no ring)
                     (no ring)

%: no passive effects
@: beast-form
A: beast (slay +2), almost no armour, amphibious, 8 rings, camouflage 1,
gelatinous body 1, (nimble swimmer 1), tentacles
a: Begin Untransformation


You were on level 4 of the Dungeon.
You were a hulking beast.
You visited 1 branch of the dungeon, and saw 4 of its levels.

You collected 162 gold pieces.

Inventory:

Hand Weapons
 e - a +1 hand axe of flaming
 f - a +0 dagger of venom
Missiles
 c - 4 boomerangs
 j - 2 poisoned darts (quivered)
Armour
 l - a +1 hat (melded)
Jewellery
 g - a +4 ring of protection (left tentacle)
 q - a +6 ring of strength (right tentacle)
Talismans
 b - a beast talisman
Scrolls
 h - a scroll of torment {unknown}
 i - a scroll of identify {unknown}
 m - a scroll of teleportation {unknown}
 o - a scroll of noise {unknown}
 p - 2 scrolls of fog {unknown}
 r - a scroll of immolation
 s - a scroll of revelation {unknown}
Potions
 a - a potion of lignification {!q}
 d - a potion of attraction {unknown}
 k - 2 potions of heal wounds {unknown}
 n - a potion of curing {unknown}


   Skills:
 + Level 2.7 Fighting
 + Level 2.7 Dodging
 * Level 3.4 Unarmed Combat
 * Level 3.7 Shapeshifting


You had 4 spell levels left.
You didn't know any spells.
Your spell library contained the following spells:

 Spells                   Type           Power      Damage    Failure   Level
 Summon Small Mammal      Summ           0%         N/A       36%         1
 Wereblood                Tmut           0%         N/A       50%         2
 Call Canine Familiar     Summ           0%         N/A       75%         3
 Summon Guardian Golem    Hex/Summ       0%         N/A       75%         3
 Irradiate                Conj/Tmut      0%         3d11      100%        5


Dungeon Overview and Level Annotations

Branches:
Dungeon (4/15)
 Temple: D:4-7

Altars:
Hepliaklqana
Makhleb

Shops:
D:4 :


Innate Abilities, Weirdness & Mutations

You are a hulking beast.
Your limbs bulge with bestial killing power. (Slay +2)
You cannot wear most types of armour.
You are amphibious.
You can wear up to eight rings at the same time.
Your skin changes colour to match your surroundings (Stealth+).
Your rubbery body absorbs attacks. (AC +1, EV +1)
((You are camouflaged when in or above water. (Stealth+)))
You have tentacles for arms and can constrict up to eight enemies at once.


Message History

No target in view!
No target in view!
No target in view!
No target in view!
You see here a rat corpse.
Found a stone staircase leading up.
There is a stone staircase leading up here.
There is a stone staircase leading up here.
You open the door.
There is an open door here.
You open the door.
There is an open door here.
There is an open door here.
There is a hazy altar of Hepliaklqana here.
Done exploring.
Done exploring.
(D) Dungeon
Where to? (Enter - D:3, ? - help)
What level of the Dungeon? (default 1, ? - help)
There is a stone staircase leading down here.
You climb downwards.
Found a scroll labelled CAHABU FEETUT.
Found Nifaim's Vocational Training.
There is a stone staircase leading up here.
p - 2 scrolls labelled CAHABU FEETUT (gained 1)
Found a flail and a leather armour.
There is an entrance to Nifaim's Vocational Training here.
You can access your shopping list by pressing '$'.
A jackal and a sleepcap come into view.
Found a thin garnet amulet.
Found a stone staircase leading up.
There are monsters nearby!
A jackal comes into view.
The jackal bites you.
You tentacle-slap the jackal. You grab the jackal. You squeeze the jackal.
You kill the jackal!
An ogre comes into view. It is wielding a +0 giant spiked club.
The ogre moves out of view.
The ogre shouts!
The ogre hits you with a +0 giant spiked club!!
Ouch! That really hurt!
You die...

......###..# ##..####....
...........## #......#..#
....##..#...####........##
.... #....#.#.#...........
#... #....#[...........#
###..#............#
#......f...##.....#
...##.⌠...⌠.##...... ....
#...∩Oh......... ...#
#.⌠...⌠...##.... #
#........## ...#
##.......###....
#..............
)...........#..#
............###.#
.........#<.....#
.........#..##....


You could see an ogre and a sleepcap.

Vanquished Creatures
  A hound (D:3)
  Terence (D:2)
  An adder (D:2)
  2 worms
  A dart slug (D:1)
  6 bats
  4 endoplasms
  4 giant cockroaches
  3 goblins (D:1)
  4 hobgoblins (D:1)
  3 jackals
  5 quokkas
  3 ball pythons
  3 frilled lizards (D:1)
  6 kobolds
  5 rats
52 creatures vanquished.

Notes
Turn   | Place    | Note
-------+----------+-------------------------------------------
     0 | D:1      | mopl the Octopode Shapeshifter began the quest for the Orb.
     0 | D:1      | Reached XP level 1. HP: 14/14 MP: 1/1
   121 | D:1      | Reached XP level 2. HP: 18/19 MP: 2/2
   389 | D:1      | Reached XP level 3. HP: 23/23 MP: 3/3
  1245 | D:2      | Noticed Terence
  1253 | D:2      | Killed Terence
  1254 | D:2      | Reached skill level 3 in Unarmed Combat
  1254 | D:2      | Reached XP level 4. HP: 21/30 MP: 4/4
  1913 | D:3      | Found a hazy altar of Hepliaklqana.
  1985 | D:3      | Reached XP level 5. HP: 35/35 MP: 5/5
  2082 | D:3      | Found a faded altar of an unknown god.
  2310 | D:3      | Found a burning altar of Makhleb.
  2654 | D:4      | Found Nifaim's Vocational Training.
  2697 | D:4      | Noticed an ogre
  2702 | D:4      | Slain by an ogre

Illustrated notes

Levels and vault maps discovered:
D:1:      co_arrival_random_square_maze, layout_basic,
          amcnicky_mini_corridor_feature
D:2:      layout_loops_corners, uniq_terence
D:3:      layout_basic, nicolae_overflow_crystal_walls,
          mainiacjoe_overflow_six_doors_small,
          hellmonk_ecumenical_altar_blasted, minmay_misc_feat_nine_boxes
D:4:      layout_cave_pools, nicolae_shop_i_like_big_books,
          nicolae_shop_vocational

Skill      XL: |  1  2  3 |
---------------+----------+-----
Unarmed Combat | 3 |  3.4
Fighting       | |  2.7
Dodging        | |  2.7
Shapeshifting  | |  3.7

Action                     |  1- 3 |  4- 6 || total
---------------------------+-------+-------++-------
  Melee: Unarmed           |    64 |    31 ||    95
         Tentacles         |    12 |     8 ||    20
         Constrict         |    16 |     8 ||    24
         Punch             |       |     1 ||     1
Ability: Begin Untransform |     1 |       ||     1
   Stab: Sleeping          |     6 |     3 ||     9
 Armour: Skin              |     6 |     8 ||    14
  Dodge: Dodged            |    35 |    10 ||    45
   Form: Beast             |     1 |       ||     1

Table legend: (Time is in decaauts)
 A = Elapsed time spent in this place.
 B = Non-inter-level travel time spent in this place.
 C = Inter-level travel time spent in this place.
 D = Time resting spent in this place.
 E = Time spent auto-exploring this place.
 F = Levels seen in this place.
 G = Mean time per level.
                   A        B        C        D        E       F      G
               +--------+--------+--------+--------+--------+-----+--------+
         Total |   2696 |   2620 |     76 |     53 |   2192 |   4 |  674.0 |
       Dungeon |   2696 |   2620 |     76 |     53 |   2192 |   4 |  674.0 |
               +--------+--------+--------+--------+--------+-----+--------+

Top non-repeatable levels by time:
     D:1: 1047 daAuts
     D:2: 814 daAuts
     D:3: 786 daAuts
     D:4: 47 daAuts
